 Dungeon Crawl Stone Soup version 0.20-a0-1016-g241539b (webtiles) character file.

63664 FastMan the Severer (level 14, -4/135 HPs)
             Began as a Minotaur Berserker on Apr 16, 2017.
             Was a High Priest of Trog.
             Slain by a merfolk impaler
             ... wielding a +2 demon trident of draining
              (14 damage)
             ... on level 2 of the Shoals.
             The game lasted 00:14:11 (18460 turns).

FastMan the Severer (Minotaur Berserker)           Turns: 18460, Time: 00:14:12

Health: -4/135     AC: 21    Str: 23    XL:     14   Next: 68%
Magic:  13/13      EV:  6    Int:  4    God:    Trog [*****.]
Gold:   1276       SH: 12    Dex: 14    Spells: 13/13 levels left

rFire    + + .     SeeInvis .   a - +2 broad axe (flame)
rCold    + + .     Gourm    .   y - +0 shield
rNeg     . . .     Faith    .   p - +1 plate armour
rPois    .         Spirit   .   (helmet restricted)
rElec    .         Reflect  .   F - scarf {rC+ rF+}
rCorr    .         Harm     .   i - +0 pair of gloves
MR       +++..                  s - +1 pair of boots of Cuyfaom {rC+}
Stlth    ..........             J - amulet of regeneration
Regen    1.8/turn               H - +3 ring of protection
MPRegen  0.2/turn               C - ring of protection from fire

@: lethally poisoned (-4 -> -6), exhausted, barbed spikes, regenerating, slowed,
heavily drained, very slow
A: retaliatory headbutt, horns 2
a: Berserk, Trog's Hand, Brothers in Arms, Burn Spellbooks, Renounce Religion


You were on level 2 of the Shoals.
You worshipped Trog.
Trog was extremely pleased with you.
You were near starving.

You visited 3 branches of the dungeon, and saw 20 of its levels.

You collected 1276 gold pieces.

Inventory:

Hand Weapons
 a - a +2 broad axe of flaming (weapon)
 I - a +1 broad axe of chopping
Armour
 i - a +0 pair of gloves (worn)
 p - a +1 plate armour (worn)
 s - the +1 pair of boots of Cuyfaom (worn) {rC+}
   (You acquired it on level 2 of the Lair of Beasts)

   It protects you from cold.
 y - a +0 shield (worn)
 F - a scarf of resistance (worn)
Jewellery
 C - a ring of protection from fire (right hand)
 H - a +3 ring of protection (left hand)
 J - an amulet of regeneration (around neck)
Scrolls
 b - 4 scrolls of identify {@r1}
 f - 5 scrolls of remove curse {@r2}
 j - 11 scrolls of teleportation {@r3}
 k - a scroll of fear
 r - 2 scrolls of recharging
 t - 4 scrolls of enchant armour
 v - 3 scrolls of blinking {@r4}
 w - a scroll of magic mapping
 x - a scroll of fog
Potions
 d - a potion of haste {@q3}
 e - 2 potions of heal wounds {@q2}
 g - 9 potions of curing {@q1}
 l - 3 potions of agility {@q5}
 m - a potion of magic
 n - 4 potions of lignification
 o - 3 potions of might {@q4}
 q - a potion of flight
 z - 2 potions of invisibility
 B - 2 potions of brilliance {@q6}
 E - 2 potions of berserk rage
 G - 3 potions of ambrosia
Comestibles
 c - 5 bread rations {@e1}
 h - 9 meat rations {@e2}
 u - 18 royal jellies {@e3}
 A - 29 fruits {@e4}


   Skills:
 + Level 15.4(12.6) Fighting
 * Level 20.3(17.3) Axes
 + Level 10.6(8.2) Armour
 - Level 2.1(0.2) Dodging
 + Level 12.1(9.5) Shields


You had 13 spell levels left.
You didn't know any spells.

Dungeon Overview and Level Annotations

Branches:
Dungeon (11/15)            Temple (0/1) D:7            Lair (6/6) D:10
 Shoals (3/4) Lair:2       Spider (0/4) Lair:4        Slime (0/5) Lair:5
    Orc (0/2) D:9

Altars:
Cheibriados
Dithmenos
Hepliaklqana
Kikubaaqudgha
Ru
Sif Muna
Vehumet
Zin
Jiyva


Innate Abilities, Weirdness & Mutations

You reflexively headbutt those who attack you in melee.
You have a pair of horns on your head.


Message History

There is a stone staircase leading up, spattered with blood here.
You are no longer berserk.
You are exhausted.
You feel yourself slow down.
You feel very sick. You block the merfolk impaler's attack.
The merfolk impaler barely misses you. The sea snake bites you!
* * * LOW HITPOINT WARNING * * *
You climb upwards.
You feel very sick.
There is a stone staircase leading down here.
Unknown command.
Your ogre goes berserk!
You are near starving!
You feel very sick. The sea snake bites you.
* * * LOW HITPOINT WARNING * * *
You block the merfolk impaler's attack.
The merfolk impaler hits you with a demon trident of draining!
You die...

≈≈≈≈≈≈≈...#..≈≈.(≈≈≈≈.≈≈....≈.≈≈≈
≈≈≈≈≈≈≈..##..≈≈.....≈≈≈≈≈.....≈≈≈
≈≈≈≈≈≈≈............≈≈≈≈≈≈≈≈..$.≈≈
≈≈≈≈≈.......((....≈≈≈≈≈≈≈≈≈≈≈≈≈≈
≈≈≈≈.../..(###(..≈≈≈≈≈≈≈≈≈≈≈≈≈≈
≈≈≈≈≈≈≈....###)..≈≈≈≈≈≈≈≈≈≈≈≈≈≈
≈≈≈≈..≈.(..##....≈≈≈≈≈≈≈≈≈≈≈≈≈≈
≈≈≈≈≈.≈[.....S...≈≈≈≈≈≈ ≈≈≈.≈≈≈
≈≈≈≈≈≈≈.......@.≈≈≈≈≈≈≈ ≈≈≈≈≈≈≈
≈≈≈≈≈≈≈.≈≈≈≈.m≈≈≈≈≈≈≈≈≈
≈≈≈≈≈≈≈≈≈≈≈≈≈≈O≈≈≈≈≈≈≈
≈≈≈≈≈≈≈≈≈≈≈≈≈≈≈≈≈≈≈≈≈≈
≈≈≈≈≈≈≈≈≈≈≈≈≈≈≈≈≈≈≈≈≈≈
≈≈≈≈≈≈≈≈≈≈≈≈≈≈≈≈≈≈≈≈≈≈
≈≈≈≈≈≈≈≈≈≈≈≈≈≈≈≈≈≈≈≈≈≈
≈≈≈≈≈≈≈≈≈≈≈≈≈≈≈


You could see a merfolk impaler, a sea snake and a friendly ogre (berserk).

Vanquished Creatures
  Nessos (Lair:4)
  A merfolk javelineer (Shoals:2)
  Josephine (Lair:4)
  4 catoblepae (Lair:6)
  10 hydras
  A merfolk avatar (Shoals:2)
  The ghost of pagos the Cruncher, a novice MiFi of the Shining One (D:9)
  3 two-headed ogres
  6 death yaks (Lair:6)
  7 sea snakes
  8 manticores
  2 cyclopes (Shoals:2)
  A faun (Shoals:2)
  2 water nymphs
  8 elephants
  3 black mambas
  A torpor snail (Lair:6)
  4 merfolk sirens
  10 spiny frogs
  A gargoyle (D:10)
  2 rime drakes
  3 komodo dragons
  11 merfolk
  A wind drake (Shoals:2)
  3 polar bears
  15 hippogriffs
  A jumping spider (Lair:4)
  A queen bee (Lair:3)
  A hornet (D:10)
  16 dream sheep
  9 blink frogs
  4 wraiths (Lair:4)
  Sigmund (D:2)
  A water elemental (Shoals:1)
  36 yaks
  A basilisk (Lair:3)
  A steam dragon (D:9)
  A warg (D:9)
  11 water moccasins
  3 porcupines
  4 orc warriors (D:9)
  5 sky beasts
  2 ice beasts
  A phantom (D:7)
  An eye of draining (D:9)
  The ghost of dialectric the Shield-Bearer, an amateur HuFi (D:4)
  6 centaurs
  5 ogres
  5 wolves (Lair:6)
  9 crocodiles
  6 big kobolds
  12 bullfrogs
  2 scorpions (D:10)
  9 wights
  37 killer bees
  2 electric eels (Lair:4)
  4 crimson imps
  A bullfrog zombie (D:8)
  4 hounds
  2 jellies (D:8)
  2 quasits
  2 bullfrog skeletons
  Crazy Yiuf (D:6)
  3 orc priests
  12 orc wizards
  2 worker ants
  4 iguanas
  4 hell rats (Lair:6)
  A hound zombie (D:11)
  6 gnolls
  9 adders
  4 shadow imps
  An adder skeleton (D:5)
  2 dart slugs
  2 leopard geckos (D:5)
  20 orcs
  7 giant cockroaches
  8 goblins
  8 hobgoblins
  10 jackals
  49 kobolds
  5 quokkas
  2 ball pythons
  3 bats
  4 frilled lizards
  A giant cockroach zombie (D:5)
  A quokka skeleton (D:4)
  2 rats
  A fungus (Lair:1)
  6 plants
497 creatures vanquished.

Vanquished Creatures (others)
  16 fungi (Lair:6)
  11 plants (Lair:6)
27 creatures vanquished.

Grand Total: 524 creatures vanquished

Notes
Turn   | Place    | Note
-------+----------+-------------------------------------------
     0 | D:1      | FastMan the Minotaur Berserker began the quest for the Orb.
     0 | D:1      | Reached XP level 1. HP: 19/19 MP: 0/0
   207 | D:1      | Reached skill level 4 in Axes
   266 | D:1      | Reached XP level 2. HP: 18/27 MP: 1/1
   678 | D:2      | Noticed Sigmund
   689 | D:2      | Killed Sigmund
   689 | D:2      | Reached skill level 5 in Fighting
   689 | D:2      | Reached skill level 6 in Axes
   689 | D:2      | Reached XP level 3. HP: 27/36 MP: 2/2
   689 | D:2      | Reached XP level 4. HP: 32/42 MP: 3/3
   689 | D:2      | Reached XP level 5. HP: 36/48 MP: 4/4
   811 | D:2      | Reached ** piety under Trog
  1427 | D:4      | Noticed dialectric's ghost (amateur HuFi)
  1431 | D:4      | Reached XP level 6. HP: 50/56 MP: 5/5
  1450 | D:4      | Killed dialectric's ghost
  1450 | D:4      | Reached skill level 7 in Axes
  1809 | D:4      | Reached skill level 8 in Axes
  1809 | D:4      | Reached XP level 7. HP: 35/63 MP: 6/6
  2581 | D:4      | Reached *** piety under Trog
  2660 | D:5      | Entered Level 5 of the Dungeon
  2677 | D:5      | Reached skill level 9 in Axes
  2872 | D:5      | Reached skill level 10 in Axes
  2872 | D:5      | Reached XP level 8. HP: 73/73 MP: 7/7
  3472 | D:6      | Found a snail-covered altar of Cheibriados.
  3653 | D:6      | Found a runed door.
  3677 | D:6      | Reached skill level 11 in Axes
  3703 | D:6      | Reached **** piety under Trog
  4140 | D:6      | Noticed Crazy Yiuf
  4144 | D:6      | Killed Crazy Yiuf
  4313 | D:7      | Reached XP level 9. HP: 82/82 MP: 8/8
  4314 | D:7      | Found a sacrificial altar of Ru.
  4345 | D:7      | Reached skill level 12 in Axes
  4469 | D:7      | Found a deep blue altar of Sif Muna.
  4493 | D:7      | Found an ancient bone altar of Kikubaaqudgha.
  4504 | D:7      | Found a radiant altar of Vehumet.
  4517 | D:7      | Identified Vehumet's Volume of Conjuration
  4736 | D:7      | Found a staircase to the Ecumenical Temple.
  4817 | D:7      | Found a shadowy altar of Dithmenos.
  4819 | D:7      | Reached skill level 13 in Axes
  4824 | D:7      | Reached ***** piety under Trog
  4952 | D:8      | Reached skill level 10 in Fighting
  4991 | D:8      | Noticed a two-headed ogre
  4997 | D:8      | Killed a two-headed ogre
  4997 | D:8      | Reached XP level 10. HP: 65/94 MP: 9/9
  4999 | D:8      | Reached skill level 14 in Axes
  5420 | D:8      | Found a sacrificial altar of Ru.
  5902 | D:8      | Found a hazy altar of Hepliaklqana.
  6087 | D:9      | Found a glowing silver altar of Zin.
  6115 | D:9      | Noticed a two-headed ogre
  6115 | D:9      | Noticed pagos's ghost (novice MiFi)
  6134 | D:8      | Killed a two-headed ogre
  6584 | D:9      | Killed pagos's ghost
  6803 | D:9      | Found a staircase to the Orcish Mines.
  6960 | D:9      | Reached skill level 15 in Axes
  7213 | D:9      | Noticed a two-headed ogre
  7222 | D:9      | Killed a two-headed ogre
  7278 | D:9      | Reached skill level 5 in Shields
  7408 | D:10     | Entered Level 10 of the Dungeon
  7421 | D:10     | Reached XP level 11. HP: 104/104 MP: 10/10
  7505 | D:10     | Found a staircase to the Lair.
  8229 | D:11     | Reached ****** piety under Trog
  8229 | D:11     | Received a gift from Trog
  8297 | Lair:1   | Entered Level 1 of the Lair of Beasts
  8667 | Lair:1   | Noticed an eight-headed hydra
  8678 | Lair:1   | Killed a four-headed hydra
  8678 | Lair:1   | Reached skill level 16 in Axes
  8817 | Lair:1   | Noticed an eight-headed hydra
  8826 | Lair:1   | Killed a three-headed hydra
  9340 | Lair:2   | Found a staircase to the Shoals.
  9345 | Lair:2   | Noticed a five-headed hydra
  9348 | Lair:2   | Killed a two-headed hydra
  9348 | Lair:2   | Reached skill level 5 in Armour
  9348 | Lair:2   | Reached XP level 12. HP: 74/115 MP: 11/11
 10162 | Lair:3   | Noticed a seven-headed hydra
 10168 | Lair:3   | Killed a three-headed hydra
 10720 | Lair:3   | Reached skill level 17 in Axes
 11131 | Lair:4   | Noticed Josephine
 11143 | Lair:4   | Killed Josephine
 11925 | Lair:4   | Found a hole to the Spider Nest.
 12138 | Lair:4   | Noticed Nessos
 12155 | Lair:4   | Killed Nessos
 12256 | Lair:4   | Received a gift from Trog
 12671 | Lair:5   | Found a frozen archway.
 12687 | Lair:5   | Found a staircase to the Slime Pits.
 12687 | Lair:5   | Found a viscous altar of Jiyva.
 12695 | Lair:5   | Noticed an eight-headed hydra
 12702 | Lair:5   | Killed a five-headed hydra
 13369 | Lair:6   | Entered Level 6 of the Lair of Beasts
 13369 | Lair:6   | Noticed a catoblepas
 13369 | Lair:6   | Noticed an eight-headed hydra
 13376 | Lair:6   | Killed a catoblepas
 13376 | Lair:6   | Reached skill level 18 in Axes
 13376 | Lair:6   | Reached XP level 13. HP: 123/123 MP: 12/12
 13585 | Lair:6   | Reached skill level 10 in Shields
 14433 | Lair:6   | Reached skill level 19 in Axes
 14534 | Lair:6   | Received a gift from Trog
 14884 | Lair:6   | Reached XP level 14. HP: 133/133 MP: 13/13
 15705 | Shoals:1 | Entered Level 1 of the Shoals
 15709 | Lair:2   | Identified a scroll of acquirement
 15710 | Lair:2   | Got a pair of pitted boots
 15721 | Lair:2   | Identified the +1 pair of boots of Cuyfaom {rC+} (You acquired it on level 2 of the Lair of Beasts)
 15788 | Shoals:2 | Reached skill level 10 in Armour
 16161 | Shoals:2 | Received a gift from Trog
 16163 | Shoals:2 | Reached skill level 15 in Fighting
 17436 | Shoals:1 | Reached skill level 20 in Axes
 18460 | Shoals:2 | Slain by a merfolk impaler

Vault maps used:
D:1:      scummos_arrival_checkerplants
D:2:      nicolae_overflow_hidden_temple, first_bread, mrwooster_statue_mirror,
          cheibrodos_gnoll_hut, uniq_sigmund
D:4:      minmay_goblin_kobold_castle, okawaru_altar_gauntlet_db
D:6:      cheibrodos_thug_alley, kennysheep_slug_shrine, grunt_decor_one_mirror,
          minmay_misc_feat_ornament, uniq_crazy_yiuf_cottage
D:7:      palyth_temple_overflow_mages, grunt_temple_overflow_gold_and_silver,
          kennysheep_little_box, minmay_temple_entry_trees,
          nicolae_ru_great_annihilating_truth
D:8:      overflow_temple_1_default, lemuel_round_altar
D:9:      david_orc_1_choice, basic_altar, blue_anna_alchemist
D:10:     dpeg_oklobed_lair
D:11:     uniq_erolcha
Lair:2:   elwin_shoals_entry_rocks, nicolae_quartered_pool_medium
Lair:3:   special_room
Lair:4:   spider_nest_entry_rubble, serial_bayou_lake_a, lemuel_fruit_fields,
          uniq_josephine, uniq_nessos
Lair:5:   slime_altar_1, portal_ice_cave_entry_pillars_1
Lair:6:   evilmike_catoblepas_cave, minivault_11
Shoals:3: argonaut_golden_fleece, nicolae_shoals_isolated_beach, uniq_donald,
          uniq_bai_suzhen, uniq_polyphemus

Skill      XL: |  1  2  3  4  5  6  7  8  9 10 11 12 13 14 |
---------------+-------------------------------------------+-----
Axes           | 4 6 8 10 11 13 15 16 18 19 20 | 20.3
Fighting       | 5 6 7 8 10 12 13 14 15 | 15.4
Shields        | 5 8 9 11 12 | 12.1
Armour         | 5 7 9 10 | 10.6
Dodging        | |  2.1

Action                   |  1- 3 |  4- 6 |  7- 9 | 10-12 | 13-15 || total
-------------------------+-------+-------+-------+-------+-------++-------
Melee: Hand axe          |    49 |    86 |       |       |       ||   135
       Headbutt          |     7 |    16 |    61 |    87 |   101 ||   272
       War axe           |       |       |   264 |   219 |       ||   483
       Broad axe         |       |       |       |   293 |   429 ||   722
Invok: Berserk           |     2 |     1 |     2 |     8 |    10 ||    23
       Burn Spellbooks   |       |       |       |     1 |     3 ||     4
       Trog's Hand       |       |       |       |     2 |     7 ||     9
       Brothers in Arms  |       |       |       |       |     1 ||     1
  Use: Scroll            |       |    10 |     9 |     7 |     6 ||    32
 Stab: Invisible         |       |       |     1 |       |       ||     1
       Paralysed         |       |       |     1 |       |       ||     1
  Eat: Chunk             |       |     4 |     5 |    24 |    20 ||    53
       Bread ration      |       |       |     2 |     2 |     2 ||     6
Armor: Animal skin       |     3 |     2 |       |       |       ||     5
       Plate armour      |       |    43 |   128 |   257 |   183 ||   611
Dodge: Dodged            |    25 |    24 |    78 |   124 |    76 ||   327
Block: Shield            |       |       |       |   248 |   242 ||   490
